Map: Sanctuary III LE

Players

SortOf - Winner!

  • Race: Zerg Zerg
  • League: Grandmaster

MOPO

  • Race: Terran Terran
  • League: Grandmaster

VOD

Have the link to the VOD?

Description

Time

  • Played on: July 8, 2026, 2:34 a.m.
  • Length: 15:23
Show
View Real Time Build Order
Export as new Build Order

SortOf Zerg - Winner!

Build Orders: Pool First 

Get SALT Encoding   

  8  0:00  Drone  
  9  0:11  Drone  
  10  0:16  Drone  
  11  0:23  Drone  
  12  0:32  Overlord  
  12  0:50  Drone x2  
  12  0:51  Drone  
  15  1:01  Drone  
  16  1:09  Spawning Pool  
  15  1:12  Drone  
  16  1:21  Drone  
  17  1:36  Hatchery  
  16  1:42  Overlord  
  16  1:50  Drone  
  17  1:57  Queen  
  19  2:01  Zergling x2  
  19  2:03  Extractor  
  19  2:05  Drone  
  20  2:10  Drone  
  21  2:20  Drone  
  22  2:32  Queen  
  22  2:33  Overlord  
  24  2:42  Drone  
  25  2:49  Drone, Queen  
  28  2:54  Drone  
  29  2:59  Drone  
  30  3:05  Drone x3  
  30  3:10  Drone x2  
  34  3:18  Overlord  
  34  3:19  Drone  
  35  3:22  Drone  
  36  3:29  Drone  
  37  3:36  Drone  
  38  3:41  Hatchery, Drone x2  
  38  3:43  Drone  
  38  3:45  Drone  
  41  3:53  Drone, Roach Warren  
  41  3:58  Drone  
  41  4:00  Overlord  
  41  4:02  Drone x2  
  44  4:07  Lair  
  44  4:12  Evolution Chamber  
  44  4:15  Drone x3  
  46  4:18  Extractor x2  
  46  4:21  Drone x3  
  46  4:23  Drone  
  48  4:28  Drone x3  
  48  4:31  Evolution Chamber  
  50  4:35  Roach x2  
  50  4:38  Roach  
  56  4:47  Overlord  
  56  4:49  Overlord  
  56  4:52  Queen  
  56  4:55  Zerg Ground Armor Level 1  
  56  4:56  Zerg Missile Weapons Level 1  
  56  4:58  Drone  
  59  5:06  Drone x5  
  64  5:10  Overseer  
  64  5:11  Glial Reconstitution  
  64  5:13  Drone  
  65  5:15  Drone x2  
  65  5:17  Drone  
  65  5:20  Roach  
  70  5:22  Overseer  
  70  5:24  Spore Crawler, Drone  
  70  5:26  Drone  
  71  5:28  Spore Crawler  
  70  5:39  Drone x2  
  70  5:40  Overlord  
  70  5:41  Overlord  
  70  5:42  Drone x4  
  76  5:45  Extractor  
  76  5:47  Overlord  
  74  5:57  Drone x3  
  74  6:01  Drone x6  
  74  6:02  Overseer  
  81  6:10  Overlord  
  81  6:14  Drone x7  
  89  6:18  Extractor  
  89  6:19  Extractor  
  89  6:23  Overlord  
  86  6:26  Spore Crawler  
  86  6:28  Roach  
  86  6:30  Hatchery  
  86  6:34  Roach x4  
  94  6:44  Overlord  
  94  6:45  Roach x5  
  104  6:48  Queen  
  104  6:54  Zerg Ground Armor Level 2  
  105  6:55  Zerg Missile Weapons Level 2  
  105  7:03  Drone x2  
  105  7:06  Drone x8  
  114  7:12  Metabolic Boost  
  114  7:14  Infestation Pit  
  113  7:16  Roach  
  113  7:19  Overlord  
  113  7:20  Overlord x2  
  115  7:25  Overlord  
  115  7:33  Drone  
  116  7:39  Overlord  
  116  7:40  Overlord x2  
  116  7:41  Pneumatized Carapace  
  116  7:43  Roach x5  
  126  7:46  Drone x4  
  126  7:49  Ravager x3  
  126  7:50  Ravager x3  
  136  7:54  Roach x3  
  136  7:55  Roach  
  144  8:00  Hive  
  144  8:01  Roach x2  
  144  8:04  Roach x2  
  152  8:08  Roach x3  
  152  8:12  Overlord  
  158  8:15  Roach x3  
  158  8:18  Spore Crawler, Overlord  
  163  8:20  Roach x2  
  163  8:25  Extractor, Drone x2  
  163  8:26  Drone  
  169  8:32  Infestor  
  171  8:34  Roach  
  171  8:35  Roach x5, Overlord  
  171  8:39  Overlord  
  177  8:44  Ravager x2  
  177  8:45  Roach x6  
  191  8:56  Roach x4  
  199  9:02  Overlord, Baneling Nest  
  198  9:10  Zerg Melee Weapons Level 1  
  198  9:19  Adrenal Glands  
  198  9:21  Zerg Ground Armor Level 3  
  198  9:23  Overlord  
  198  9:24  Zergling x4  
  184  9:38  Zergling x38  
  168  9:52  Zergling x20  
  153  10:00  Centrifugal Hooks  
  153  10:01  Ultralisk Cavern, Zergling x12  
  137  10:09  Roach x2  
  137  10:11  Viper  
  136  10:17  Roach x5  
  136  10:20  Hatchery  
  142  10:24  Zergling x10, Queen  
  142  10:26  Baneling x11  
  142  10:27  Drone  
  150  10:29  Drone  
  150  10:30  Baneling  
  150  10:31  Baneling x3, Overseer  
  151  10:36  Ravager x4  
  151  10:39  Drone x2  
  151  10:40  Drone x9, Extractor  
  165  10:43  Overlord  
  165  10:48  Chitinous Plating  
  165  10:52  Zergling x12  
  170  10:58  Ultralisk  
  176  11:04  Viper  
  176  11:06  Zergling x12  
  185  11:14  Zergling x12  
  185  11:18  Burrow  
  191  11:23  Viper  
  194  11:26  Zergling x12  
  196  11:35  Zergling x14  
  191  11:41  Ultralisk  
  191  11:42  Baneling  
  191  11:43  Baneling x9  
  190  11:47  Zergling x16  
  189  11:54  Zergling x10  
  189  11:55  Drone  
  189  11:56  Zerg Melee Weapons Level 2  
  188  12:04  Spire  
  187  12:12  Infestor x2  
  187  12:14  Zergling x16  
  199  12:22  Spore Crawler  
  198  12:25  Extractor  
  198  12:27  Ultralisk x2  
  198  12:28  Zergling x2  
  194  12:33  Zergling x12  
  194  12:36  Baneling x8  
  168  12:54  Zergling x40, Ultralisk  
  168  12:58  Anabolic Synthesis  
  183  13:02  Zergling x2  
  183  13:03  Zergling x4  
  183  13:10  Zergling x10  
  188  13:13  Baneling  
  178  13:24  Zergling x18  
  172  13:28  Zergling x6  
  159  13:43  Zergling x18  
  159  13:47  Baneling x15  
  168  13:55  Zergling x22  
  173  14:10  Zergling x14, Hatchery  
  173  14:11  Hatchery  
  172  14:17  Ultralisk x2  
  172  14:18  Ultralisk x2  
  195  14:28  Baneling x11  
  195  14:31  Zergling x10  
  185  14:40  Zergling x22, Ultralisk x2  
  198  14:50  Zergling x6  
Show
View Real Time Build Order
Export as new Build Order

MOPO Terran 

Build Orders: Reaper Expand, Hellion Banshee 

Get SALT Encoding   

  8  0:00  SCV  
  9  0:12  SCV  
  10  0:24  SCV  
  11  0:36  SCV  
  11  0:39  Supply Depot  
  12  0:48  SCV  
  13  1:01  SCV  
  13  1:02  Barracks  
  14  1:05  Refinery  
  14  1:13  SCV  
  15  1:25  SCV  
  16  1:37  SCV  
  17  1:49  Orbital Command  
  17  1:51  Reaper  
  18  2:10  Command Center  
  18  2:15  SCV  
  19  2:22  Supply Depot  
  19  2:25  Marine  
  19  2:28  SCV  
  21  2:44  SCV, Barracks Reactor  
  22  2:47  Factory  
  22  2:56  SCV  
  23  3:11  SCV  
  24  3:16  Command Center  
  24  3:23  SCV  
  25  3:31  Orbital Command  
  25  3:36  SCV  
  25  3:37  Starport  
  26  3:48  SCV  
  27  3:49  Hellion x2  
  27  3:53  Refinery  
  31  3:56  Barracks Tech Lab  
  31  3:58  SCV  
  31  4:00  SCV  
  33  4:10  SCV  
  33  4:11  Hellion x2  
  33  4:13  SCV  
  39  4:22  SCV, Barracks Tech Lab  
  40  4:26  SCV  
  40  4:27  Banshee  
  40  4:29  Orbital Command  
  44  4:34  SCV  
  45  4:40  Hellion  
  45  4:42  Supply Depot  
  45  4:43  Hellion  
  45  4:44  SCV  
  50  4:47  SCV  
  50  4:52  Marine  
  51  4:53  Stimpack  
  51  4:55  SCV  
  51  4:58  SCV  
  54  5:00  SCV  
  55  5:13  Banshee  
  58  5:14  SCV, Barracks x2  
  58  5:16  SCV, Supply Depot  
  58  5:19  Marine  
  58  5:20  Factory Reactor  
  58  5:21  SCV  
  62  5:26  SCV  
  63  5:37  SCV x2  
  63  5:38  SCV  
  63  5:39  Marine  
  63  5:42  Refinery  
  65  5:43  Refinery, Supply Depot  
  65  5:49  SCV x2, Engineering Bay  
  67  5:50  Engineering Bay, SCV  
  68  6:00  Orbital Command  
  68  6:01  SCV  
  68  6:02  SCV  
  71  6:07  Barracks  
  71  6:09  Barracks  
  70  6:13  Marine x2, SCV  
  70  6:15  Marine  
  70  6:16  Terran Infantry Weapons Level 1  
  70  6:17  Terran Infantry Armor Level 1, Starport Reactor  
  70  6:18  SCV  
  75  6:22  Supply Depot x2  
  75  6:24  Siege Tank  
  75  6:25  Marine  
  79  6:30  Marine, SCV x2  
  79  6:32  Marine x2  
  84  6:35  Combat Shield  
  84  6:36  SCV  
  84  6:39  Marauder  
  87  6:44  SCV  
  87  6:46  SCV, Marine  
  90  6:48  SCV  
  90  6:49  Marine  
  90  6:50  Marine  
  90  6:51  Supply Depot  
  93  6:56  SCV  
  93  6:58  SCV  
  93  7:00  SCV, Siege Tank, Medivac  
  93  7:01  Medivac  
  103  7:07  Barracks Tech Lab x2  
  102  7:08  SCV  
  102  7:10  SCV  
  102  7:11  Refinery  
  102  7:12  Supply Depot  
  102  7:14  SCV  
  99  7:16  Factory  
  99  7:20  SCV  
  99  7:22  Marine, SCV, Marauder  
  104  7:23  Marine  
  104  7:26  SCV  
  104  7:29  Marauder x2  
  110  7:31  Supply Depot  
  110  7:32  SCV  
  110  7:35  SCV, Armory  
  111  7:45  Supply Depot  
  111  7:46  Supply Depot  
  111  7:47  Medivac x2  
  115  7:55  Marauder x3, Siege Tank  
  115  7:58  SCV x2, Supply Depot  
  126  8:02  Refinery  
  126  8:04  Factory Tech Lab  
  126  8:06  Command Center  
  126  8:09  SCV  
  126  8:10  SCV  
  126  8:11  Supply Depot  
  128  8:15  Marine  
  128  8:16  Marauder, SCV  
  132  8:26  Marauder x2  
  137  8:27  Medivac x2  
  137  8:30  Terran Infantry Weapons Level 2  
  137  8:33  Supply Depot  
  140  8:35  Marine x2  
  140  8:38  Marine  
  140  8:39  Marine  
  142  8:45  Siege Tank  
  142  8:46  Siege Tank  
  148  8:50  Marauder x2, Marine  
  148  8:53  Marine  
  148  8:55  Marine, Supply Depot, Barracks x2  
  155  8:56  Barracks  
  155  8:58  Supply Depot  
  155  9:01  Marine  
  155  9:02  Marine  
  157  9:10  Marauder  
  157  9:11  Marine, Terran Infantry Armor Level 2  
  157  9:16  Marine  
  157  9:17  Marauder  
  158  9:18  Siege Tank  
  158  9:23  Medivac x2  
  158  9:24  Marine  
  166  9:25  Marine x2  
  166  9:29  Marauder  
  166  9:31  Marine  
  160  9:34  Marine  
  160  9:37  Marine  
  133  9:39  Siege Tank  
  133  9:41  Marine  
  133  9:43  Marine x2  
  124  9:48  Marine  
  124  9:50  Marauder  
  124  9:52  Marine, Siege Tank  
  127  9:55  Marine  
  127  9:59  Marine  
  128  10:00  Marine  
  128  10:01  Marine  
  128  10:02  Medivac  
  128  10:06  Concussive Shells  
  130  10:07  Marauder  
  130  10:10  Marine x4  
  130  10:11  Siege Tank, Marine  
  130  10:13  SCV, Marine  
  140  10:19  Marine  
  141  10:21  Medivac  
  141  10:23  Marine  
  141  10:28  Supply Depot x2, Marauder  
  146  10:29  Supply Depot, Siege Tank  
  146  10:30  Barracks Tech Lab  
  146  10:31  Barracks Reactor, Marine  
  146  10:32  Marauder  
  152  10:38  SCV x3  
  152  10:40  Terran Vehicle Weapons Level 1  
  152  10:42  Marine x2  
  157  10:43  Barracks Reactor, Marauder  
  157  10:45  Barracks Tech Lab  
  157  10:46  Marine  
  157  10:48  Barracks Tech Lab  
  162  10:50  Marauder, SCV x2  
  162  10:51  Marine  
  165  10:58  Marauder, Siege Tank  
  165  11:00  Marine x2  
  172  11:05  Liberator x2  
  172  11:07  Marine, Marauder  
  172  11:08  Marine  
  172  11:10  Marine, Marauder  
  182  11:13  Marine  
  182  11:14  Marine  
  182  11:16  Marine  
  182  11:19  Marine, Marauder  
  182  11:22  Marine  
  182  11:23  Terran Infantry Weapons Level 3  
  186  11:27  Marine x2  
  188  11:33  Marine  
  188  11:36  Marauder  
  188  11:39  Supply Depot  
  185  11:43  Planetary Fortress  
  185  11:46  Marine  
  188  11:47  Marauder  
  188  11:50  Marine  
  178  11:56  Marine x3, Marauder  
  178  11:57  Marine  
  178  11:58  Marauder  
  178  11:59  Siege Tank, Terran Infantry Armor Level 3  
  178  12:01  Siege Tank, SCV x3  
  189  12:03  Refinery  
  189  12:04  Refinery, Marine  
  193  12:11  Marine  
  193  12:12  Marauder  
  196  12:21  Marine, SCV  
  196  12:25  Marine, Marauder  
  196  12:26  Marauder, Marine  
  180  12:31  Siege Tank  
  180  12:32  Marine x2, Marauder  
  180  12:35  Siege Tank  
  184  12:37  Marine x2  
  184  12:40  Supply Depot  
  184  12:41  Supply Depot  
  184  12:42  Marine  
  177  12:45  Marine  
  177  12:49  SCV x3  
  157  13:01  Marine  
  157  13:02  Supply Depot, Marine, SCV x3  
  160  13:10  Siege Tank  
  160  13:11  Siege Tank  
  166  13:14  Medivac, SCV x2  
  166  13:16  Marine  
  166  13:18  Marine  
  172  13:21  Marine x2  
  172  13:22  Marine  
  160  13:27  Marauder  
  160  13:34  SCV  
  147  13:36  Marine, Marauder  
  129  13:42  Siege Tank  
  129  13:47  Siege Tank, Medivac x2  
  137  13:50  SCV  
  137  13:55  Supply Depot  
  137  14:00  Marine, Marauder  
  140  14:03  Marine  
  140  14:04  Marauder, Marine  
  140  14:07  Marine  
  140  14:08  Marine  
  146  14:10  Marine  
  146  14:16  Marauder  
  144  14:20  Bunker  
  144  14:25  Refinery  
  144  14:27  Refinery, Marauder  
  144  14:30  Siege Tank  
  149  14:33  SCV x3  
  145  14:45  SCV x3  
  146  14:48  Medivac x2  
  146  14:49  Siege Tank  
  146  14:52  Marauder  
  149  14:58  Marine  
  149  14:59  Marauder  
  152  15:00  Marine x2, Marauder  
  152  15:03  Marine  
  152  15:05  Marine  
Tags
 
Add a new tag
Caveats
  • Supply blocks, unpowered buildings, or Contaminate may cause inaccurate times.
  • Supply counts are checked every 10 seconds.